Map: Ancient Cistern LE

Players

A.I. 1 (Very Easy)

  • Race: Protoss Protoss
  • Spawn Location: 7:00

Vindicta - Winner!

  • Race: Terran Terran
  • League: Master
  • Spawn Location: 1:00

VOD

Have the link to the VOD?

Description

Time

  • Played on: July 15, 2023, 12:26 a.m.
  • Length: 9:25
Show
View Real Time Build Order
Export as new Build Order

A.I. 1 (Very Easy) Protoss 

Build Orders: 1 Gate Expand, Nexus First 

Get SALT Encoding   

  12  0:00  Probe  
  13  0:13  Probe  
  14  0:19  Pylon  
  14  0:42  Gateway  
  14  1:00  Nexus  
  14  1:18  Pylon  
  14  1:20  Zealot  
  14  1:23  Assimilator  
  16  1:36  Cybernetics Core, Probe  
  17  1:49  Probe  
  18  1:59  Probe  
  18  2:00  Assimilator  
  19  2:07  Stalker, Probe  
  19  2:09  Warp Gate  
  23  2:15  Probe  
  23  2:20  Probe  
  25  2:30  Probe  
  26  2:37  Probe  
  26  2:48  Probe  
  26  2:49  Assimilator  
  27  2:55  Probe  
  27  2:56  Pylon  
  28  3:02  Probe  
  29  3:09  Probe  
  30  3:15  Robotics Facility  
  30  3:16  Probe  
  31  3:27  Probe  
  32  3:34  Probe  
  32  3:35  Zealot  
  35  3:41  Probe  
  36  3:49  Probe  
  35  3:56  Probe  
  35  4:00  Observer  
  34  4:03  Probe  
  36  4:10  Probe  
  36  4:15  Observer  
  36  4:16  Assimilator  
  37  4:17  Probe  
  37  4:20  Probe  
  40  4:32  Probe  
  40  4:35  Pylon  
  40  4:37  Probe  
  42  4:46  Probe  
  43  4:53  Probe  
  43  4:55  Zealot  
  46  6:15  Stalker  
  48  7:35  Stalker  
  46  8:27  Observer  
  42  8:38  Probe  
  28  8:49  Pylon  
  28  8:50  Probe, Pylon  
Show
View Real Time Build Order
Export as new Build Order

Vindicta Terran - Winner!

Build Orders:  

Get SALT Encoding   

  12  0:00  SCV  
  13  0:12  SCV  
  14  0:17  Supply Depot  
  14  0:24  SCV  
  15  0:39  SCV  
  15  0:41  Barracks  
  16  0:43  Refinery  
  16  0:51  SCV  
  16  0:52  Refinery  
  17  1:03  SCV  
  18  1:15  SCV  
  19  1:28  Reaper, Orbital Command  
  20  1:36  Supply Depot  
  20  1:42  Factory  
  20  1:54  SCV  
  21  2:01  Barracks Reactor  
  21  2:06  SCV  
  22  2:18  SCV  
  22  2:21  Command Center  
  23  2:26  Hellion  
  25  2:32  SCV  
  26  2:38  Reaper, Supply Depot  
  26  2:39  Reaper  
  28  2:44  SCV  
  28  2:47  Hellion  
  31  2:57  Starport  
  31  2:59  SCV  
  32  3:10  Marine x2  
  32  3:11  SCV  
  32  3:12  Widow Mine  
  37  3:27  Marine  
  37  3:28  SCV  
  37  3:32  Marine  
  37  3:33  Medivac  
  42  3:34  Widow Mine  
  42  3:40  SCV  
  45  3:45  Marine  
  46  3:50  Supply Depot, Marine  
  46  3:52  SCV  
  48  3:56  Orbital Command  
  48  4:00  Factory Tech Lab  
  47  4:03  Marine  
  47  4:04  SCV  
  47  4:08  Starport Tech Lab  
  49  4:12  Marine  
  49  4:16  SCV  
  51  4:21  Marine  
  51  4:22  Siege Tank  
  51  4:23  SCV  
  56  4:24  Supply Depot  
  56  4:29  SCV, Raven  
  59  4:35  SCV, Barracks  
  59  4:36  Marine  
  61  4:41  SCV  
  61  4:43  Barracks  
  62  4:48  SCV, Supply Depot  
  63  4:53  SCV  
  63  4:55  Engineering Bay  
  63  4:59  Refinery  
  64  5:00  Siege Tank  
  64  5:02  Marine  
  64  5:05  SCV  
  69  5:07  SCV  
  70  5:14  Supply Depot  
  70  5:15  Marine  
  70  5:17  SCV  
  70  5:19  SCV, Marine  
  74  5:24  Starport Reactor  
  74  5:26  Terran Infantry Weapons Level 1  
  74  5:29  SCV  
  74  5:31  SCV  
  74  5:32  Stimpack  
  74  5:34  Marauder, Refinery  
  78  5:42  Combat Shield  
  79  5:43  Marauder  
  79  5:46  Marine x2  
  83  5:52  SCV, Supply Depot  
  83  5:53  Supply Depot, SCV  
  83  5:55  Factory Reactor  
  83  5:56  Marauder  
  86  6:10  Marine x3  
  86  6:11  SCV, Medivac x2  
  94  6:15  Supply Depot  
  94  6:17  Marauder  
  94  6:18  Supply Depot  
  96  6:27  SCV x2  
  98  6:34  Widow Mine, Command Center  
  98  6:36  Widow Mine  
  98  6:38  Supply Depot  
  102  6:41  Supply Depot, Marine x2  
  102  6:43  Marine  
  105  6:49  Marauder  
  105  6:50  SCV x2  
  109  7:00  Barracks  
  109  7:01  Marine, Barracks  
  109  7:02  Marauder  
  109  7:05  SCV  
  109  7:06  Marine  
  114  7:09  Widow Mine  
  114  7:11  Widow Mine  
  119  7:17  Supply Depot  
  119  7:19  Marine  
  119  7:20  Concussive Shells  
  119  7:21  Terran Infantry Armor Level 1  
  119  7:22  Medivac  
  121  7:23  Medivac  
  121  7:26  SCV x2  
  125  7:31  Marauder  
  125  7:37  Widow Mine x2  
  133  7:40  Ghost Academy  
  133  7:42  SCV  
  134  7:44  Marine x2  
  134  7:45  SCV  
  134  7:47  Orbital Command  
  134  7:50  Barracks Tech Lab, Barracks Reactor  
  135  7:54  SCV  
  135  7:58  SCV  
  137  8:00  Marine  
  137  8:01  Armory  
  137  8:03  Engineering Bay  
  140  8:06  SCV  
  140  8:07  Widow Mine, Marine  
  140  8:10  SCV  
  140  8:11  Marauder x2, Marine  
  148  8:13  SCV  
  148  8:16  Supply Depot  
  148  8:19  Ghost  
  149  8:25  Refinery  
  149  8:26  Refinery  
  149  8:27  Supply Depot, SCV  
  152  8:28  SCV  
  152  8:34  SCV  
  158  8:39  SCV, Supply Depot  
  158  8:40  SCV  
  158  8:41  Medivac x2  
  158  8:47  Marine x2  
  166  8:49  Supply Depot, SCV  
  166  8:52  Marine  
  170  8:55  SCV x2  
  170  9:01  SCV  
  170  9:02  Supply Depot  
Tags
 
Add a new tag
Caveats
  • Supply blocks, unpowered buildings, or Contaminate may cause inaccurate times.
  • Supply counts are checked every 10 seconds.